 Dungeon Crawl Stone Soup version 0.27-a0-333-gfa571bf19a (webtiles) character file.

Game seed: 2257087502607822036

3696 Nattfarinn the Summoner (level 10, -3/74 HPs)
             Began as a Barachi Summoner on Feb 12, 2021.
             Was an Elder of Cheibriados.
             Killed by the air
             ... invoked by Gastronok
              (29 damage)
             ... on level 9 of the Dungeon.
             The game lasted 00:49:58 (15748 turns).

Nattfarinn the Summoner (Barachi Summoner)         Turns: 15748, Time: 00:49:58

Health: -3/74      AC:  8    Str: 18    XL:     10   Next: 13%
Magic:  14/26      EV: 16    Int: 28    God:    Cheibriados [****..]
Gold:   489        SH:  0    Dex: 22    Spells: 5/19 levels left

rFire    . . .     SeeInvis .   a - +1 spear (freeze)
rCold    . . .     Faith    .   (no shield)
rNeg     . . .     Spirit   .   i - +0 acid dragon scales
rPois    .         Reflect  .   (no helmet)
rElec    .         Harm     .   (no cloak)
rCorr    +         Rampage  .   (no gloves)
Will     .....                  (no boots)
Stlth    ++........             (no amulet)
HPRegen  0.22/turn              x - ring of magical power
MPRegen  0.20/turn              E - ring of wizardry

@: can't hop, very slow
A: +LOS, swims, slowness 1, strong legs 1
a: Hop, Renounce Religion, Bend Time, Temporal Distortion, Slouch


You were on level 9 of the Dungeon.
You worshipped Cheibriados.
Cheibriados was greatly pleased with you.
You visited 2 branches of the dungeon, and saw 10 of its levels.

You collected 489 gold pieces.

Inventory:

Hand Weapons
 a - a +1 spear of freezing (weapon)
 b - a +0 hunting sling
 B - the +7 falchion of Blood {antimagic, Dex+3}
   (You found it on level 7 of the Dungeon)

   It reduces the magical energy of the wielder, and disrupts the spells and
   magical abilities of those hit.
   Natural abilities and divine invocations are not affected.
   It affects your dexterity (+3).
Missiles
 c - 37 poisoned darts (quivered)
 n - 363 stones
Armour
 i - +0 acid dragon scales (worn)
 l - a +0 leather armour of poison resistance
 o - a +0 leather armour
 y - a +10 plate armour of ponderousness
Jewellery
 p - an amulet of guardian spirit {unknown}
 v - a ring of protection from fire
 x - a ring of magical power (left hand)
 E - a ring of wizardry (right hand)
Wands
 r - a wand of iceblast (12)
 z - a wand of acid (2)
Scrolls
 e - 5 scrolls of identify
 f - 2 scrolls of magic mapping {unknown}
 j - a scroll of immolation {unknown}
 k - 3 scrolls of blinking
 m - 4 scrolls of teleportation {unknown}
 q - a scroll of noise {unknown}
 t - 2 scrolls of enchant armour {unknown}
 u - 2 scrolls of amnesia {unknown}
 w - a scroll of random uselessness {unknown}
 A - 2 scrolls of fear {unknown}
Potions
 d - 4 potions of curing
 g - 4 potions of brilliance
 h - a potion of invisibility
 s - a potion of magic
 C - a potion of cancellation {unknown}
 D - 2 potions of degeneration {unknown}


   Skills:
 - Level 5.0 Fighting
 - Level 7.3 Armour
 - Level 5.1 Dodging
 - Level 1.7 Stealth
 - Level 5.2 Spellcasting
 * Level 10.5 Summonings
 - Level 7.4 Ice Magic


You had 5 spell levels left.
You knew the following spells:

 Your Spells              Type           Power        Failure   Level
a - Summon Small Mammal   Summ           100%         1%          1
b - Call Imp              Summ           61%          1%          2
c - Call Canine Familiar  Summ           61%          1%          3
d - Summon Ice Beast      Ice/Summ       55%          1%          4
e - Summon Lightning Spi  Summ/Air       36%          4%          4

Your spell library contained the following spells:

 Spells                   Type           Power        Failure   Level
 Summon Guardian Golem    Hex/Summ       36%          1%          3
 Animate Skeleton         Necr           14%          3%          1
 Beastly Appendage        Tmut           14%          3%          1
 Pain                     Necr           28%          3%          1
 Sting                    Tmut/Pois      28%          3%          1
 Poisonous Vapours        Pois/Air       14%          5%          2
 Wereblood                Tmut           7%           5%          2
 Ice Form                 Ice/Tmut       28%          8%          4
 Ignite Poison            Fire/Tmut/Pois 7%           11%         3
 Mephitic Cloud           Conj/Pois/Air  7%           11%         3
 Spider Form              Tmut/Pois      3%           11%         3
 Vampiric Draining        Necr           3%           11%         3
 Animate Dead             Necr           3%           32%         4
 Olgreb's Toxic Radiance  Pois           7%           32%         4
 Agony                    Necr           7%           65%         5
 Blade Hands              Tmut           3%           65%         5


Dungeon Overview and Level Annotations

Branches:
Dungeon (9/15)             Temple (1/1) D:6            Lair (0/6) D:8
    Orc: D:9-12

Altars:
Ashenzari
Cheibriados
Dithmenos
Elyvilon
Fedhas
Gozag
Hepliaklqana
Kikubaaqudgha
Makhleb
Nemelex Xobeh
Okawaru
Qazlal
Ru
Sif Muna
Trog
Uskayaw
Vehumet
Wu Jian
Xom
Yredelemnul
Zin
The Shining One

Shops:
D:6 (

Annotations:
D:3 1 runed translucent door, Crazy Yiuf
D:9 Gastronok


Innate Abilities, Weirdness & Mutations

You can be seen from farther away. (+LOS)
You can swim through water.
You cover ground slowly.
You can hop short distances.


Message History

An electric hum fills the air.
You swap places.
Gastronok waves his eye-stalks in wide circles.
The air twists around and strikes you!!
Unknown command.
Gastronok waves his eye-stalks in wide circles.
The air twists around and strikes you!!
* * * LOW HITPOINT WARNING * * *
Your lightning spire shoots out a bolt of lightning at Gastronok!
The bolt of electricity hits Gastronok!
Hop to where?
Press: ? - help, Dir - move target Boing!
You feel better.
Your lightning spire shoots out a bolt of lightning at Gastronok!
The bolt of electricity hits Gastronok! x2
Casting: Summon Lightning Spire (dangerous; 4% risk of failure)
Confirm with . or Enter, or press ? or * to list all spells.
Okay, then.
What are your orders? t - Ribbit!
Orders for allies: a - Attack new target. r - Retreat! s - Stop attacking. g - Guard the area. f - Follow me.
Anything else - Cancel.
Gang up on whom?
Press: ? - help, Dir - move target, f - Gastronok
Aim: Gastronok, wearing a +0 hat (moderately wounded, ally target) Attack!
Your ice beast disappears in a puff of smoke!
Gastronok bites your lightning spire but does no damage.
Casting: Summon Lightning Spire (dangerous; 4% risk of failure)
Confirm with . or Enter, or press ? or * to list all spells.
A chill wind blows around you.
Casting: Summon Ice Beast (dangerous; 1% risk of failure)
Confirm with . or Enter, or press ? or * to list all spells.
A chill wind blows around you.
Gastronok waves his eye-stalks in wide circles.
The air twists around and strikes you!!
You die...

#..........# #..........#
#..... #..........# #.....
#..........# #.....
#..........# #^....
###..........+ #.....
#YY...)......# #.....
#####.#..........#
##.....##...@.#..>....)).#
#......#w8#####.......)..#
#......'.## #......)...#
#......### ########'###
##+#### #...# ###.### ..
#...# #. #.### ######.###
#####.####


You could see Gastronok (ally target), 2 friendly ice beasts and a friendly
lightning spire (summoned).

Vanquished Creatures
  Joseph (D:7)
  Edmund (D:6)
  A nameless horror (D:6)
  3 ice beasts
  A bullfrog (D:7)
  A killer bee (D:7)
  A howler monkey (D:5)
  2 orc priests
  A bullfrog skeleton (D:4)
  A centaur skeleton (D:6)
  An iguana (D:4)
  5 orc wizards
  2 worker ants (D:4)
  2 hound zombies
  4 adders
  A gnoll (D:6)
  A shadow imp (D:5)
  A white imp (D:5)
  An adder zombie (D:7)
  3 dart slugs
  2 leopard geckos
  10 orcs
  A ball python (D:6)
  3 bats
  5 giant cockroaches
  6 goblins
  11 hobgoblins
  4 jackals
  2 quokkas
  A frilled lizard (D:5)
  4 kobolds
  A quokka zombie (D:6)
  6 rats
90 creatures vanquished.

Vanquished Creatures (collateral kills)
  Pikel (D:7)
  Maggie (D:8)
  A troll (D:8)
  Prince Ribbit (D:6)
  Sigmund (D:5)
  Eustachio (D:6)
  Duvessa (D:7)
  An ice beast (D:8)
  3 orc warriors
  2 ogres
  2 black bears
  A sky beast (D:6)
  5 wolves (D:8)
  2 centaurs
  3 lemures (D:7)
  A phantom (D:9)
  A kobold brigand (D:7)
  A bullfrog (D:7)
  Dowan (D:7)
  2 scorpions
  5 killer bees (D:7)
  8 wights
  5 electric eels (D:8)
  A howler monkey (D:8)
  A bullfrog zombie (D:5)
  4 orc priests
  6 hounds
  2 jellies
  2 bullfrog skeletons
  2 iguanas
  4 orc wizards
  3 worker ants
  A killer bee zombie (D:9)
  A nameless horror (D:5)
  A hound zombie (D:6)
  5 adders
  3 gnolls (D:6)
  A howler monkey skeleton (D:5)
  2 shadow imps
  3 white imps
  An ufetubus (D:6)
  4 worms
  A leopard gecko (D:8)
  11 orcs
  A giant cockroach (D:8)
  5 goblins
  5 hobgoblins
  3 jackals
  A quokka (D:5)
  2 bats
  2 frilled lizards (D:1)
  4 kobolds
  4 rats
136 creatures vanquished.

Vanquished Creatures (others)
  A wizard (D:8)
  A frilled lizard (D:4)
2 creatures vanquished.

Grand Total: 228 creatures vanquished

Notes
Turn   | Place    | Note
-------+----------+-------------------------------------------
     0 | D:1      | Nattfarinn the Barachi Summoner began the quest for the
                  | Orb.
     0 | D:1      | Reached XP level 1. HP: 13/13 MP: 3/3
    93 | D:1      | Reached skill level 1 in Armour
    98 | D:1      | Reached XP level 2. HP: 20/20 MP: 0/5
   388 | D:1      | Reached skill level 1 in Fighting
   949 | D:1      | Reached XP level 3. HP: 24/26 MP: 6/6
  2596 | D:2      | Learned a level 2 spell: Call Imp
  2628 | D:3      | Reached XP level 4. HP: 33/33 MP: 7/7
  3448 | D:3      | Found a faded altar of an unknown god.
  3832 | D:3      | Found a runed translucent door.
  3833 | D:3      | Noticed Crazy Yiuf
  3868 | D:3      | Reached XP level 5. HP: 26/39 MP: 1/8
  4581 | D:4      | Found a radiant altar of Vehumet.
  4752 | D:4      | Reached XP level 6. HP: 47/47 MP: 3/9
  5200 | D:5      | Entered Level 5 of the Dungeon
  5606 | D:5      | Reached skill level 5 in Armour
  5879 | D:5      | Noticed Sigmund
  5891 | D:5      | Killed Sigmund
  6137 | D:5      | Reached XP level 7. HP: 42/53 MP: 4/10
  6201 | D:5      | Learned a level 3 spell: Call Canine Familiar
  6929 | D:6      | Found a staircase to the Ecumenical Temple.
  7131 | Temple   | Entered the Ecumenical Temple
  7296 | Temple   | Became a worshipper of Cheibriados the Contemplative
  7356 | D:6      | Found Giotaem's Weapon Boutique.
  7437 | D:6      | Noticed Eustachio
  7548 | D:6      | Killed Eustachio
  7751 | D:6      | Reached skill level 5 in Dodging
  7837 | D:6      | Noticed Prince Ribbit
  7852 | D:6      | Killed Prince Ribbit
  7853 | D:6      | Reached skill level 5 in Fighting
  7853 | D:6      | Reached XP level 8. HP: 62/62 MP: 11/11
  7957 | D:6      | Reached skill level 5 in Summonings
  8505 | D:6      | Reached skill level 1 in Ice Magic
  8581 | D:6      | Learned a level 4 spell: Summon Ice Beast
  8622 | D:6      | Noticed Edmund
  8623 | D:6      | Noticed a nameless horror
  8651 | D:6      | Killed a nameless horror
  8803 | D:6      | Killed Edmund
  9177 | D:7      | Reached * piety under Cheibriados
  9300 | D:7      | Got an ancient falchion
  9301 | D:7      | Identified the +7 falchion of Blood {antimagic, Dex+3} (You
                  | found it on level 7 of the Dungeon)
  9633 | D:7      | Noticed Duvessa
  9636 | D:7      | Noticed Dowan
  9664 | D:7      | Killed Duvessa
  9681 | D:7      | Killed Dowan
  9829 | D:7      | Noticed Joseph
  9856 | D:7      | Reached skill level 5 in Ice Magic
  9863 | D:7      | Killed Joseph
  9864 | D:7      | Reached XP level 9. HP: 52/68 MP: 1/15
 10080 | D:7      | Noticed Pikel
 10119 | D:7      | Killed Pikel
 10120 | D:7      | Reached skill level 5 in Spellcasting
 10167 | D:7      | Reached ** piety under Cheibriados
 11066 | D:8      | Reached skill level 6 in Summonings
 11126 | D:8      | Reached *** piety under Cheibriados
 11145 | D:8      | Reached skill level 7 in Summonings
 11937 | D:8      | Found a bloodstained altar of Trog.
 11937 | D:8      | Noticed a wizard
 11942 | D:8      | Killed a wizard
 11976 | D:8      | Noticed a troll
 11981 | D:8      | Noticed Maggie
 11982 | D:8      | Killed a troll
 11983 | D:8      | Reached skill level 8 in Summonings
 11992 | D:8      | Killed Maggie
 12188 | D:8      | HP: 1/68 [electric eel/bolt of electricity (10)]
 12193 | D:8      | Reached skill level 9 in Summonings
 14264 | D:8      | Found a staircase to the Lair.
 14729 | D:8      | Reached XP level 10. HP: 67/74 MP: 17/17
 14810 | D:8      | Reached **** piety under Cheibriados
 15179 | D:9      | Reached skill level 10 in Summonings
 15697 | D:9      | Learned a level 4 spell: Summon Lightning Spire
 15739 | D:9      | Noticed Gastronok
 15748 | D:9      | Killed from afar by Gastronok

Illustrated notes

Levels and vault maps discovered:
D:1:      evilmike_arrival_crescent, layout_basic, hangedman_glass_teeth,
          st_stairs_10, kennysheep_another_room, grunt_decor_cap,
          minmay_surrounded
D:2:      layout_loops_cross
D:3:      layout_basic, chequers_ecumenical_altar_simple,
          uniq_crazy_yiuf_cottage
D:4:      layout_loops_ring, fiery_altar_vehumet, st_stairs_8
D:5:      layout_gridville, uniq_sigmund
D:6:      layout_loops_ring, minmay_temple_entry_purple_smoke, serial_shops,
          shop, uniq_prince_ribbit1, uniq_eustachio, uniq_edmund
D:7:      layout_basic, abandoned_shop, uniq_joseph, uniq_pikel, uniq_duvessa
D:8:      layout_rooms, erik_lair_island, trog_wizard, uniq_maggie
D:9:      layout_roguey, tgw_kikubaaqudgha, uniq_gastronok
Temple:   kilobyte_greek_temple

Skill      XL: |  1  2  3  4  5  6  7  8  9 10 |
---------------+-------------------------------+-----
Armour         | 1 2 3 4 5 7 |  7.3
Fighting       | 1 2 3 5 |  5.0
Dodging        | 3 4 5 |  5.1
Summonings     | 5 9 10 | 10.5
Spellcasting   | 4 5 |  5.2
Ice Magic      | 6 7 |  7.4
Stealth        | |  1.7

Action                   |  1- 3 |  4- 6 |  7- 9 | 10-12 || total
-------------------------+-------+-------+-------+-------++-------
Melee: Unarmed           |    30 |       |       |       ||    30
       Dagger            |       |    17 |       |       ||    17
       Spear             |       |    64 |   150 |    33 ||   247
       Falchion          |       |       |    17 |       ||    17
 Fire: Hunting sling     |       |    75 |    44 |       ||   119
Throw: Dart              |   132 |    17 |    42 |       ||   191
 Cast: Summon Small Mamm |    37 |     4 |     3 |       ||    44
       Call Imp          |       |    45 |    27 |       ||    72
       Call Canine Famil |       |       |    56 |     4 ||    60
       Summon Ice Beast  |       |       |    67 |    26 ||    93
       Summon Lightning  |       |       |       |     1 ||     1
 Abil: Hop               |       |       |     5 |     1 ||     6
Evoke: Wand              |       |       |     6 |       ||     6
  Use: Scroll            |       |       |     8 |       ||     8
       Potion            |       |       |     6 |     1 ||     7
 Stab: Sleeping          |       |     1 |       |       ||     1
       Distracted        |       |     1 |     1 |       ||     2
Armor: Robe              |    10 |     5 |       |       ||    15
       Leather armour    |       |     8 |    32 |       ||    40
       Acid dragon scale |       |       |       |    17 ||    17
Dodge: Dodged            |    72 |    53 |   216 |    32 ||   373
       Rpst.: Falchion   |       |       |     3 |       ||     3

Table legend: (Time is in decaauts)
 A = Elapsed time spent in this place.
 B = Non-inter-level travel time spent in this place.
 C = Inter-level travel time spent in this place.
 D = Time resting spent in this place.
 E = Time spent auto-exploring this place.
 F = Levels seen in this place.
 G = Mean time per level.
                   A        B        C        D        E       F      G
               +--------+--------+--------+--------+--------+-----+--------+
         Total |  18191 |  17375 |    816 |   5834 |   8419 |  10 | 1819.1 |
       Dungeon |  17942 |  17188 |    754 |   5834 |   8251 |   9 | 1993.6 |
        Temple |    249 |    188 |     61 |      0 |    168 |   1 |  249.0 |
               +--------+--------+--------+--------+--------+-----+--------+

Top non-repeatable levels by time:
     D:8: 3926 daAuts
     D:7: 3256 daAuts
     D:6: 2505 daAuts
     D:5: 1790 daAuts
     D:1: 1588 daAuts
     D:2: 1500 daAuts
     D:3: 1360 daAuts
     D:4: 1318 daAuts
     D:9: 695 daAuts
  Temple: 249 daAuts
